 Dungeon Crawl Stone Soup version 0.23.2-40-g277498a001 (webtiles) character file.

Game seed: 5050619044274500112

27353 darkkolega the Impaler (level 13, -4/103 HPs)
             Began as a Formicid Fighter on Sept 26, 2019.
             Was an Elder of Qazlal.
             Slain by an ancient zyme (6 damage)
             ... on level 1 of the Abyss on Sept 27, 2019.
             The game lasted 01:02:39 (19005 turns).

darkkolega the Impaler (Formicid Fighter)          Turns: 19005, Time: 01:02:39

Health: -4/103     AC: 18    Str: 26    XL:     13   Next: 65%
Magic:  0/26       EV:  8    Int:  8    God:    Qazlal [****..]
Gold:   1020       SH: 17    Dex: 10    Spells: 12/12 levels left

rFire    . . .     SeeInvis +   w - +1 halberd (chop)
rCold    . . .     Gourm    .   c - +0 shield
rNeg     . . .     Faith    .   I - +0 plate armour
rPois    .         Spirit   +   (helmet unavailable)
rElec    .         Reflect  .   E - +0 cloak
rCorr    .         Harm     .   t - +0 pair of gloves
MR       +....                  q - +0 pair of boots
Stlth    ..........             H - amulet of guardian spirit
HPRegen  0.00/turn              v - ring of magical power
MPRegen  0.20/turn              (no ring)

@: non-regenerating, mildly diseased, repel missiles
A: permanent stasis, dig shafts and tunnels, four strong arms, antennae 3
a: Dig, Shaft Self, Upheaval, Elemental Force, Renounce Religion


You were on level 1 of the Abyss.
You worshipped Qazlal.
Qazlal was greatly pleased with you.
You were not hungry.

You visited 3 branches of the dungeon, and saw 15 of its levels.
You visited the Abyss 1 time.
You also visited: Ossuary.

You collected 1020 gold pieces.

Inventory:

Hand Weapons
 w - a +1 halberd of chopping (weapon)
Armour
 c - a +0 shield (worn)
 q - a +0 pair of boots (worn)
 t - a +0 pair of gloves (worn)
 E - a +0 cloak (worn)
 I - a +0 plate armour (worn)
Jewellery
 s - an uncursed ring of magical power
 v - a ring of magical power (left hand)
 H - an amulet of guardian spirit (around neck)
 S - an uncursed ring of fire
Wands
 g - a wand of disintegration (4)
 k - a wand of flame (35)
 l - a wand of paralysis (28)
 B - a wand of polymorph (13)
 C - a wand of iceblast (4)
 D - a wand of acid (13)
 K - a wand of random effects (15)
 P - a wand of digging (7)
Scrolls
 a - a scroll of noise {unknown}
 b - a scroll of fog
 h - 7 scrolls of identify
 j - 7 scrolls of remove curse
 y - 4 scrolls of fear
 G - a scroll of magic mapping
 M - a scroll of blinking {unknown}
 Q - a scroll of enchant armour {unknown}
 R - a scroll of torment {unknown}
Potions
 d - 5 potions of might
 e - 2 potions of agility
 i - 9 potions of curing
 m - 8 potions of lignification
 n - a potion of mutation
 o - 2 potions of invisibility
 p - 2 potions of heal wounds
 r - 2 potions of ambrosia
 u - 2 potions of magic {unknown}
 x - 4 potions of brilliance {unknown}
 z - a potion of flight {unknown}
 A - 2 potions of berserk rage {unknown}
 F - 3 potions of haste {unknown}
 L - 2 potions of cancellation {unknown}
 N - a potion of resistance {unknown}
Miscellaneous
 J - a lamp of fire
Comestibles
 f - 28 rations


   Skills:
 + Level 9.8 Fighting
 - Level 16.0 Polearms
 + Level 9.9 Armour
 - Level 0.9 Dodging
 - Level 0.2 Stealth
 - Level 9.1 Shields
 - Level 6.0 Invocations


You had 12 spell levels left.
You didn't know any spells.
Your spell library contained the following spells:

 Spells                   Type           Power        Failure   Level  Hunger
 Animate Skeleton         Necr           N/A          99%         1    ##.....
 Apportation              Tloc           #.....       99%         1    ##.....
 Confusing Touch          Hex            #.....       99%         1    ##.....
 Corona                   Hex            #......      99%         1    ##.....
 Magic Dart               Conj           #...         99%         1    ##.....
 Shock                    Conj/Air       #...         99%         1    ##.....
 Summon Small Mammal      Summ           #...         99%         1    ##.....
 Call Imp                 Summ           #.......     99%         2    ###....
 Searing Ray              Conj           #.....       99%         2    ###....
 Slow                     Hex            #.......     99%         2    ###....
 Swiftness                Chrm/Air       #.......     99%         2    ###....
 Confuse                  Hex            #.......     100%        3    ####...
 Conjure Flame            Conj/Fire      #.......     100%        3    ####...
 Dazzling Spray           Conj/Hex       #.....       100%        3    ####...
 Gell's Gravitas          Tloc           #.........   100%        3    ####...
 Inner Flame              Hex/Fire       #.......     100%        3    ####...
 Mephitic Cloud           Conj/Pois/Air  #.......     100%        3    ####...
 Portal Projectile        Hex/Tloc       #.....       100%        3    ####...
 Static Discharge         Conj/Air       #.......     100%        3    ####...
 Airstrike                Air            #.........   100%        4    #####..
 Cause Fear               Hex            #.........   100%        4    #####..
 Force Lance              Conj/Tloc      #.......     100%        4    #####..
 Fulminant Prism          Conj/Hex       #.........   100%        4    #####..
 Iskenderun's Mystic Bla  Conj           #.......     100%        4    #####..
 Leda's Liquefaction      Hex/Erth       #.........   100%        4    #####..
 Petrify                  Tmut/Erth      #.......     100%        4    #####..
 Bolt of Magma            Conj/Fire/Erth #.........   100%        5    ######.
 Iskenderun's Battlesphe  Conj/Chrm      #.......     100%        5    ######.
 Lightning Bolt           Conj/Air       #.........   100%        5    ######.
 Metabolic Englaciation   Hex/Ice        #.........   100%        5    ######.
 Venom Bolt               Conj/Pois      #.........   100%        5    ######.
 Yara's Violent Unravell  Hex/Tmut       #.........   100%        5    ######.
 Iron Shot                Conj/Erth      #.........   100%        6    #######
 Orb of Destruction       Conj           #.........   100%        7    #######
 Spellforged Servitor     Conj/Summ      #.........   100%        7    #######
 Blink                    Tloc           Unusable     N/A         2    N/A

Dungeon Overview and Level Annotations

Branches:
Dungeon (11/15)            Temple (1/1) D:5            Lair (3/6) D:10
  Swamp: Lair:2-4    Shoals: Lair:2-4     Snake: Lair:2-4    Spider: Lair:2-4
    Orc: D:9-12

Altars:
Ashenzari
Cheibriados
Dithmenos
Elyvilon
Fedhas
Gozag
Hepliaklqana
Kikubaaqudgha
Makhleb
Nemelex Xobeh
Okawaru
Qazlal
Ru
Sif Muna
Trog
Uskayaw
Vehumet
Wu Jian
Xom
Yredelemnul
Zin
The Shining One

Shops:
D:7 *

Annotations:
D:5 2 transporters, Kukuleta's ghost, novice GrFi
D:11 exclusion: ice statue
Lair:3 3 runed translucent doors, exclusion: oklob plant, Nits's ghost, journeyman DsFi; Oluanan's ghost, journeyman DsFi; Sonja; Tuffe's ghost, journeyman OgTm; Wuqaxap's ghost, journeyman MiFi


Innate Abilities, Weirdness & Mutations

You cannot be hasted, slowed, berserked, paralysed or teleported.
You can dig through walls and to a lower floor.
Your four strong arms can wield two-handed weapons with a shield.
You have a pair of large antennae on your head. (SInv)


Message History

* * * LOW HITPOINT WARNING * * *
You barely miss the large abomination.
The large abomination is lightly damaged.
The large abomination is engulfed in blazing flames.
The large abomination hits you but does no damage.
The large abomination barely misses you.
The ancient zyme hits you but does no damage.
You block the ancient zyme's attack.
You hit the large abomination.
The large abomination is moderately damaged.
You block the large abomination's attack.
You block the ancient zyme's attack. The ancient zyme closely misses you.
You block the large abomination's attack.
You hit the large abomination.
The large abomination is heavily damaged.
Your plate armour prevents you from hitting the large abomination.
The large abomination is heavily damaged.
The large abomination hits you but does no damage.
The ancient zyme hits you!
You die...

#..... .......
####+....... .
........... .. {
.....#...# #
#°.○.∩.... ..
...#°xX......
....#.#.@....#
.........X.#..# #
.....#§○.§..##
#.#.....#.......#
.. .....#...[..##
... ..#......#.
..!..#........ #
# #.#.....##.##
#..............#
##


You could see an ancient zyme and 2 large abominations.

Vanquished Creatures
  A bone dragon (Abyss:1)
  Gastronok (D:9)
  Josephine (D:10)
  Harold (D:10)
  A hydra (Lair:2)
  2 two-headed ogres
  A hell hog (Abyss:1)
  Erica (D:9)
  3 death yaks (Lair:3)
  Maurice (D:9)
  A manticore (D:11)
  A black mamba (Lair:1)
  5 spiny frogs
  A gargoyle (D:10)
  Psyche (D:9)
  3 rime drakes
  2 komodo dragons
  3 trolls
  A queen bee (D:8)
  3 blink frogs (Lair:2)
  A large abomination (Abyss:1)
  5 hippogriffs
  Sigmund (D:3)
  A shadow (D:11)
  A wyvern (Lair:3)
  4 wraiths (D:10)
  A basilisk (D:9)
  8 yaks
  2 steam dragons (D:9)
  A soldier ant (D:10)
  Duvessa (D:4)
  5 water moccasins
  A porcupine (Lair:3)
  2 ice beasts
  A sky beast (D:5)
  2 black bears
  6 orc warriors
  An eye of draining (Abyss:1)
  4 centaurs
  An ogre (D:8)
  3 elf zombies (Ossuary)
  A big kobold (D:9)
  4 crocodiles
  Blork the orc (D:4)
  7 bullfrogs
  Dowan (D:4)
  3 small abominations (Abyss:1)
  4 scorpions
  A wight (D:11)
  30 killer bees
  2 howler monkeys
  7 crimson imps
  2 centaur zombies (Ossuary)
  A bullfrog skeleton (D:8)
  3 hounds
  2 jellies
  Crazy Yiuf (D:3)
  7 human zombies (Ossuary)
  4 orc priests
  3 centaur skeletons
  Ijyb (D:4)
  5 iguanas
  8 worker ants
  9 orc wizards
  A killer bee zombie (D:9)
  3 hound skeletons
  4 mummies
  A worker ant zombie (D:10)
  14 adders
  14 gnolls
  2 shadow imps
  2 oozes
  An adder skeleton (D:6)
  2 worms
  3 dart slugs
  9 leopard geckos
  29 orcs
  3 giant cockroaches
  11 goblins
  8 hobgoblins
  8 jackals
  11 kobolds
  2 quokkas
  2 ball pythons
  4 bats
  6 frilled lizards
  A hobgoblin zombie (D:6)
  A kobold zombie (D:6)
  A leopard gecko skeleton (D:5)
  2 quokka skeletons
  7 rats
345 creatures vanquished.

Vanquished Creatures (others)
  2 fungi (Lair:3)
  5 plants (D:10)
  2 withered plants (Lair:3)
9 creatures vanquished.

Grand Total: 354 creatures vanquished

Notes
Turn   | Place    | Note
-------+----------+-------------------------------------------
     0 | D:1      | darkkolega the Formicid Fighter began the quest for the
                  | Orb.
     0 | D:1      | Reached XP level 1. HP: 18/18 MP: 1/1
   254 | D:1      | Reached XP level 2. HP: 24/24 MP: 2/2
   677 | D:1      | Reached XP level 3. HP: 23/29 MP: 3/3
  1030 | D:2      | Reached XP level 4. HP: 24/36 MP: 4/4
  1403 | D:2      | Reached skill level 3 in Polearms
  1403 | D:2      | Reached XP level 5. HP: 39/42 MP: 5/5
  2688 | D:3      | Reached XP level 6. HP: 48/48 MP: 6/6
  2696 | D:3      | Noticed Sigmund
  2732 | D:3      | Killed Sigmund
  2732 | D:3      | Reached skill level 4 in Polearms
  2732 | D:3      | Reached skill level 5 in Armour
  2732 | D:3      | Reached skill level 5 in Shields
  2871 | D:3      | Reached XP level 7. HP: 54/54 MP: 7/7
  2884 | D:3      | Found a runed translucent door.
  2885 | D:3      | Noticed Crazy Yiuf
  2896 | D:3      | Killed Crazy Yiuf
  3327 | D:4      | Noticed Duvessa
  3327 | D:4      | Noticed Dowan
  3380 | D:4      | Killed Duvessa
  3531 | D:4      | Killed Dowan
  4030 | D:4      | Noticed Ijyb
  4046 | D:4      | Killed Ijyb
  4046 | D:4      | Reached skill level 5 in Polearms
  4194 | D:4      | Reached XP level 8. HP: 60/60 MP: 8/8
  4227 | D:4      | Got a twisted spear
  4229 | D:4      | Identified the cursed +1 spear "Honauts" {antimagic, rElec
                  | Int+3} (You found it on level 4 of the Dungeon)
  4568 | D:4      | Noticed Blork the orc
  4584 | D:4      | Killed Blork the orc
  4725 | D:5      | Entered Level 5 of the Dungeon
  4810 | D:6      | Found a sand-covered staircase.
  4819 | Ossuary  | Entered an ossuary
  4895 | Ossuary  | Reached skill level 6 in Polearms
  5120 | Ossuary  | Reached skill level 7 in Polearms
  5120 | Ossuary  | Reached XP level 9. HP: 49/65 MP: 9/9
  5379 | D:5      | Noticed Kukuleta's ghost (novice GrFi)
  5438 | D:5      | Found a transporter.
  5442 | D:5      | Found a transporter.
  5504 | D:5      | Found a staircase to the Ecumenical Temple.
  5524 | Temple   | Entered the Ecumenical Temple
  5721 | D:5      | Reached skill level 8 in Polearms
  5903 | D:5      | Found a radiant altar of Vehumet.
  6486 | D:6      | Reached skill level 9 in Polearms
  6533 | D:6      | Found a hide-covered altar of Uskayaw.
  6533 | D:6      | Found a bloodstained altar of Trog.
  6533 | D:6      | Found a stormy altar of Qazlal.
  6547 | D:6      | Became a worshipper of Qazlal Stormbringer
  8438 | D:8      | Reached skill level 10 in Polearms
  8440 | D:8      | Reached XP level 10. HP: 65/71 MP: 10/10
  9637 | D:7      | Reached skill level 11 in Polearms
 10246 | D:7      | Reached * piety under Qazlal
 10482 | D:7      | Found Dihaw's Assorted Antiques.
 11753 | D:8      | Reached skill level 12 in Polearms
 12469 | D:8      | Found a burning altar of Makhleb.
 12935 | D:9      | Reached XP level 11. HP: 73/77 MP: 11/11
 12953 | D:9      | Reached skill level 13 in Polearms
 12956 | D:9      | Noticed Gastronok
 13144 | D:9      | Noticed Psyche
 13152 | D:9      | Killed Psyche
 13264 | D:9      | Reached ** piety under Qazlal
 13326 | D:9      | Noticed Maurice
 13343 | D:9      | Killed Maurice
 13438 | D:9      | Killed Gastronok
 13438 | D:9      | Reached skill level 5 in Fighting
 13513 | D:10     | Entered Level 10 of the Dungeon
 13826 | D:9      | Noticed Erica
 13842 | D:9      | Killed Erica
 13842 | D:9      | Reached skill level 14 in Polearms
 14091 | D:9      | Noticed a two-headed ogre
 14106 | D:9      | Killed a two-headed ogre
 14343 | D:9      | Found a burning altar of Makhleb.
 14348 | D:9      | Found an ornate altar of the Wu Jian Council.
 14349 | D:9      | Found a shadowy altar of Dithmenos.
 14350 | D:9      | Found a blossoming altar of Fedhas.
 14353 | D:9      | Found a shattered altar of Ashenzari.
 14841 | D:10     | Noticed Harold
 14859 | D:10     | Killed Harold
 14859 | D:10     | Reached skill level 1 in Invocations
 14859 | D:10     | Reached XP level 12. HP: 89/89 MP: 13/13
 14914 | D:10     | Noticed a two-headed ogre
 14925 | D:10     | Killed a two-headed ogre
 15073 | D:10     | Found a staircase to the Lair.
 15234 | D:10     | Noticed Josephine
 15243 | D:10     | Reached skill level 15 in Polearms
 15254 | D:10     | Killed Josephine
 15995 | D:11     | Reached *** piety under Qazlal
 16360 | Lair:1   | Entered Level 1 of the Lair of Beasts
 17384 | Lair:2   | Reached skill level 5 in Invocations
 17471 | Lair:2   | Reached XP level 13. HP: 91/98 MP: 16/16
 18033 | Lair:3   | Found a burning altar of Makhleb.
 18276 | Lair:3   | Reached **** piety under Qazlal
 18276 | Lair:3   | Reached skill level 16 in Polearms
 18276 | Lair:3   | Noticed a four-headed hydra
 18496 | Lair:2   | Killed a nine-headed hydra
 18700 | Lair:3   | Found a runed translucent gate.
 18700 | Lair:3   | Found a runed translucent gate.
 18700 | Lair:3   | Found a runed translucent gate.
 18700 | Lair:3   | Noticed Wuqaxap's ghost (journeyman MiFi)
 18700 | Lair:3   | Noticed Oluanan's ghost (journeyman DsFi)
 18701 | Lair:3   | Noticed Nits's ghost (journeyman DsFi)
 18701 | Lair:3   | Noticed Tuffe's ghost (journeyman OgTm)
 18744 | Lair:3   | Noticed Sonja
 18774 | Lair:3   | Cast into level 1 of the Abyss (Sonja)
 18774 | Abyss:1  | Found a corrupted altar of Lugonu.
 18837 | Abyss:1  | Noticed a bone dragon
 18856 | Abyss:1  | Killed a bone dragon
 19001 | Abyss:1  | HP: 2/103 [ancient zyme (5)]
 19005 | Abyss:1  | Slain by an ancient zyme

Skill      XL: |  1  2  3  4  5  6  7  8  9 10 11 12 13 |
---------------+----------------------------------------+-----
Armour         | 4 5 6 8 9 |  9.9
Shields        | 4 5 6 8 9 |  9.1
Polearms       | 3 4 5 7 10 12 14 15 16 | 16.0
Fighting       | 4 6 7 9 |  9.8
Invocations    | 1 5 6 |  6.0
Dodging        | |  0.9
Stealth        | |  0.2

Action                   |  1- 3 |  4- 6 |  7- 9 | 10-12 | 13-15 || total
-------------------------+-------+-------+-------+-------+-------++-------
Melee: Trident           |    98 |   137 |       |       |       ||   235
       Halberd           |       |    48 |   526 |   755 |   172 ||  1501
  Use: Scroll            |       |       |    10 |    10 |       ||    20
       Potion            |       |       |     3 |     3 |       ||     6
  Eat: Chunk             |       |     7 |    15 |    22 |     3 ||    47
       Ration            |       |       |     1 |     2 |     1 ||     4
Armor: Scale mail        |    37 |    65 |    15 |       |       ||   117
       Chain mail        |       |       |   146 |    64 |       ||   210
       Plate armour      |       |       |       |   147 |    60 ||   207
Dodge: Dodged            |    21 |    55 |   150 |   207 |    26 ||   459
Block: Shield            |    41 |    82 |   233 |   469 |    80 ||   905
